Cogmind - Beta 13 @@@ ROGUE MODE // 2024.04.13 @ 14:52:16 Player: Bearly Playable Result: Self-destructed Performance ------------- Evolutions (2) 1000 Regions Visited (4) 800 Robots Destroyed (32) 160 Value Destroyed (486) 486 Prototype IDs (5) 100 Alien Tech Used (0) 0 Bonus (0) 0 TOTAL SCORE: 2546 Bonus ------- None Cogmind --------- Core Integrity 477/550 Matter 196/300 Energy 140/140 System Corruption 0% Temperature Cool (0) Movement Flying (114) Ox1 Location -8/Materials Parts ------- > --- POWER (1) -------- Light Deuterium Engine > --- PROPULSION (4) --- Flight Unit Flight Unit Flight Unit > --- UTILITY (4) ------ Small Storage Unit Structural Scanner Improved Signal Interpreter > --- WEAPON (2) ------- High-powered Shotgun Mining Claw > --- INVENTORY (8) ---- Light Ion Engine Improved Terrain Scanner Improved Targeting Computer Shotgun Shotgun Slug Cannon Grenade Launcher Peak State ------------ > --- POWER ------------ Light Deuterium Engine > --- PROPULSION ------- Flight Unit Flight Unit Flight Unit Improved Flight Unit > --- UTILITY ---------- Small Storage Unit Structural Scanner Sensor Array Improved Signal Interpreter > --- WEAPON ----------- Shotgun High-powered Shotgun > --- INVENTORY -------- Light Ion Engine Flight Unit Improved Terrain Scanner Improved Targeting Computer Shotgun Slug Cannon Grenade Launcher Mining Claw [Rating: 21] Favorites ----------- Power Light Ion Engine Engine Light Ion Engine Propulsion Flight Unit Leg Aluminum Leg Flight Unit Flight Unit Utility Small Storage Unit Device Sensor Array Storage Small Storage Unit Processor Signal Interpreter Weapon Beam Cannon Energy Gun Small Laser Energy Cannon Beam Cannon Ballistic Gun Assault Rifle Ballistic Cannon Light Cannon Launcher Grenade Launcher Slashing Weapon Mining Claw Build | -11 -10 -10 -9 -8 ------- Run | Yrd Mat Min Mat Mat Slots Evolved 4 | . . . 2 2 Power . | . . . . . Propulsion 2 | . . . 2 . Utility 2 | . . . . 2 Weapon . | . . . . . Parts Attached 57 | 7 13 6 20 11 Power 7 | 2 2 . 2 1 Engine 7 | 2 2 . 2 1 Core . | . . . . . Reactor . | . . . . . Propulsion 16 | 2 3 2 8 1 Treads . | . . . . . Leg 4 | 2 2 . . . Wheel . | . . . . . Hover . | . . . . . Flight 12 | . 1 2 8 1 Utility 10 | 1 2 1 1 5 Device 3 | . . . 1 2 Storage 4 | 1 2 1 . . Processor 3 | . . . . 3 Hackware . | . . . . . Protection . | . . . . . Artifact . | . . . . . Weapon 24 | 2 6 3 9 4 Energy Gun 2 | . . 2 . . Energy Cannon 5 | . 3 . 2 . Ballistic Gun 7 | 2 1 . 2 2 Ballistic Cannon 2 | . . 1 1 . Launcher 4 | . 1 . 3 . Special Weapon . | . . . . . Impact Weapon . | . . . . . Slashing Weapon 4 | . 1 . 1 2 Piercing Weapon . | . . . . . Special Melee Weapon . | . . . . . Unidentified Prototypes 1 | . . . 1 . Parts Lost 6 | . 2 . 1 3 Power 1 | . 1 . . . Propulsion 3 | . . . 1 2 Utility 1 | . . . . 1 Weapon 1 | . 1 . . . Highest Loss Streak 3 | . 1 . 1 3 To Critical Strikes . | . . . . . Average Slot Usage (%) 88 | . 83 84 99 98 Engine 12 | . 13 14 10 9 Leg 11 | . 28 6 . . Flight 20 | . . 21 43 35 Device 3 | . . . 10 15 Storage 12 | . 13 14 11 9 Processor 1 | . . . . 10 Energy Gun 4 | . . 10 1 . Energy Cannon 8 | . 17 3 7 . Ballistic Gun 6 | . 8 3 6 10 Ballistic Cannon 4 | . . 10 1 . Slashing Weapon 1 | . . . 1 7 Naked Turns . | . . . . . Heaviest Build 21 | 14 21 18 16 17 Greatest Support 20 | 20 20 20 17 17 Greatest Overweight (x) 4 | 2 1 4 1 1 Average Overweight (x) . | . . . . . Largest Inventory Capacity 10 | 8 10 10 8 8 Average Capacity 8 | 6 9 8 8 8 Most Carried 10 | 3 10 10 8 8 Average Carried 7 | 2 8 8 7 7 Final Capacity 10 | 8 10 8 8 8 Final Carried 10 | 2 10 8 8 7 Class Distribution -------------------- 70% | Mutant 19% | Scavenger-Sprinter 10% | Scavenger-Scout Dominant Class ---------------- Mutant | -10/Materials Mutant | -10/Mines Scavenger-Sprinter | -9/Materials Scavenger-Scout | -8/Materials Resources | -11 -10 -10 -9 -8 ----------- Run | Yrd Mat Min Mat Mat Matter Collected 1023 | 208 252 106 394 63 Remotely . | . . . . . Salvage Created 780 | . 270 114 333 63 Parts 55 | . 13 7 26 9 Haulers Intercepted 1 | . 1 . . . Recyclers Shooed . | . . . . . Parts Field Recycled . | . . . . . Retrieved Matter . | . . . . . Parts Self-Destructed . | . . . . . Prevented . | . . . . . Kills | -11 -10 -10 -9 -8 ------- Run | Yrd Mat Min Mat Mat Combat Hostiles Destroyed 17 | . 6 3 5 3 Guns 10 | . 1 1 5 3 Cannons 5 | . 3 2 . . AOE 2 | . 2 . . . Classes Destroyed 9 | . 5 . 4 . Worker 2 | . . . 2 . Builder 3 | . 1 . 2 . Tunneler 1 | . . . 1 . Hauler 1 | . 1 . . . Recycler 4 | . 1 1 2 . Operator 1 | . . . 1 . Watcher 3 | . . . 2 1 Swarmer 12 | . 3 3 3 3 Grunt 5 | . 3 . 2 . Best Kill Streak 6 | . 3 4 6 3 Combat Bots Only 3 | . 2 3 3 3 Max Kills in Single Turn 2 | . 1 1 2 1 Gunslinging . | . . . . . Exploded 1 | . 1 . . . Melee . | . . . . . Uniques/NPCs Destroyed . | . . . . . Combat | -11 -10 -10 -9 -8 -------- Run | Yrd Mat Min Mat Mat Hostile Shots Fired 144 | . 49 24 41 30 Missed 47 | . 19 5 15 8 Damage Taken 1323 | . 622 144 299 258 Core 257 | . 99 28 57 73 Absorbed by Shields . | . . . . . Regen/Repaired (Parts) 191 | . 191 . . . Core Remaining (%) 78 | 100 . 49 85 . Volleys Fired 69 | . 27 11 24 7 Largest 2 | . 2 2 2 2 Hottest 120 | . 120 80 98 48 Shots Fired 127 | . 48 24 43 12 Gun 63 | . 12 13 26 12 Cannon 55 | . 33 11 11 . Launcher 9 | . 3 . 6 . Special . | . . . . . Kinetic 61 | . 12 11 26 12 Thermal 57 | . 33 13 11 . Explosive 9 | . 3 . 6 . Electromagnetic . | . . . . . Robot Hit Streak 7 | . 3 4 7 4 Robot Miss Streak 6 | . 6 2 4 4 Penetration Max . | . . . . . Secondary Targets . | . . . . . Shots Hit Robots 69 | . 21 13 28 7 Core Hits 54 | . 15 4 30 5 Critical Kills . | . . . . . Critical Parts Destroyed . | . . . . . Critical Strikes . | . . . . . Melee Attacks 32 | . 14 . 7 11 Impact . | . . . . . Slashing 32 | . 14 . 7 11 Piercing . | . . . . . Sneak Attacks . | . . . . . Combat Hostiles . | . . . . . Follow-up Attacks . | . . . . . Damage Inflicted 1725 | . 603 194 788 140 Guns 610 | . 76 99 295 140 Cannons 451 | . 279 90 82 . Explosions 652 | . 241 . 411 . Melee . | . . . . . Ramming 12 | . 7 5 . . Kinetic 586 | . 76 75 295 140 Thermal 507 | . 279 114 114 . Explosive 620 | . 241 . 379 . Electromagnetic . | . . . . . Impact . | . . . . . Slashing . | . . . . . Piercing . | . . . . . Highest Corruption 3 | . 3 3 . . Average Corruption 3 | . 3 3 . . Corruption Purged . | . . . . . Corruption Blocked . | . . . . . Effects 29 | . 10 19 . . Message Errors 2 | . 1 1 . . Matter Fused 11 | . 6 5 . . Heat Flow Errors 5 | . 1 4 . . Energy Discharges 3 | . . 3 . . Data Loss (minor) 4 | . 2 2 . . Data Loss (major) 2 | . . 2 . . Misfires 2 | . . 2 . . Overload Shots . | . . . . . Overflow Damage 15 | . . 13 2 . Projectiles 13 | . . 13 . . Explosions 2 | . . . 2 . Melee . | . . . . . Knockbacks . | . . . . . Impact . | . . . . . Kinetic . | . . . . . Secondary . | . . . . . Self-Inflicted Damage 23 | . . 1 22 . Shots 1 | . . . 1 . Rammed 1 | . . 1 . . Targets Rammed 3 | . 1 2 . . Kicked 2 | . 1 1 . . Crushed . | . . . . . Highest Temperature 380 | . 380 339 197 . Average Temperature 94 | . 106 103 71 . Received Heat Transfer 162 | . 63 . 81 18 Effects 5 | . 3 2 . . Shutdowns 1 | . . 1 . . Energy Bleed 1 | . 1 . . . Interference 2 | . 2 . . . Damage (minor) 1 | . . 1 . . Siege Activations . | . . . . . Robots Corrupted . | . . . . . Combat Hostiles . | . . . . . Parts Fried . | . . . . . Impact Corruptions . | . . . . . Robots Melted . | . . . . . Combat Hostiles . | . . . . . Parts Melted 1 | . 1 . . . Heat Transferred 1025 | . 592 235 198 . Parts Sabotaged . | . . . . . Parts Stolen . | . . . . . Parts Stripped . | . . . . . Power Chain Reactions . | . . . . . Alert | -11 -10 -10 -9 -8 ------- Run | Yrd Mat Min Mat Mat Peak Influence 391 | . 103 86 391 269 Initial 135 | . . 11 . 135 Average 62 | . 23 21 162 155 Maximum Alert Level 1 | . . . 1 1 Low Security (%) 91 | 100 100 100 58 86 Level 1 8 | . . . 41 13 Level 2 . | . . . . . Level 3 . | . . . . . Level 4 . | . . . . . Level 5 . | . . . . . High Security . | . . . . . Max Security . | . . . . . Squads Dispatched 2 | . 1 . . 1 Investigation 1 | . 1 . . . Extermination . | . . . . . Reinforcement 1 | . . . . 1 Assault . | . . . . . Garrison . | . . . . . Intercept . | . . . . . Searches Triggered . | . . . . . Construction Impeded . | . . . . . Haulers Reinforced . | . . . . . Active Scanning Responses . | . . . . . Cargo Convoy Interrupts . | . . . . . Stealth | -11 -10 -10 -9 -8 --------- Run | Yrd Mat Min Mat Mat Distress Signals 6 | . 1 . 4 1 Communications Jammed . | . . . . . Distress Signals . | . . . . . Times Spotted 51 | . 14 3 21 13 Peak Tracking Total 7 | . 4 3 7 7 Tactical Retreats 6 | . . . 5 1 Traps | -11 -10 -10 -9 -8 ------- Run | Yrd Mat Min Mat Mat Traps Triggered 2 | . 1 . 1 . Indirectly . | . . . . . Trap Hack Attempts . | . . . . . Triggered . | . . . . . Disarmed . | . . . . . Reprogrammed . | . . . . . Reused . | . . . . . Traps Extracted . | . . . . . Installed . | . . . . . Triggered . | . . . . . Machines | -11 -10 -10 -9 -8 ---------- Run | Yrd Mat Min Mat Mat Machines Disabled 6 | . . . 6 . Max in Single Turn 4 | . . . 4 . Machines Repaired . | . . . . . Machines Dismantled . | . . . . . Machines Sabotaged . | . . . . . Overloaded Fab Kills . | . . . . . Hacking | -11 -10 -10 -9 -8 --------- Run | Yrd Mat Min Mat Mat Machines Accessed 7 | . 4 . 3 . Terminals 6 | . 3 . 3 . Fabricators . | . . . . . Repair Stations 1 | . 1 . . . Recycling Units . | . . . . . Scanalyzers . | . . . . . Garrison Access . | . . . . . Total Hacks 16 | . 8 . 8 . Successful 10 | . 5 . 5 . Failed 6 | . 3 . 3 . Catastrophic 1 | . . . 1 . Database Lockouts . | . . . . . Manual . | . . . . . Terminals 14 | . 6 . 8 . Fabricators . | . . . . . Repair Stations 2 | . 2 . . . Recycling Units . | . . . . . Scanalyzers . | . . . . . Garrison Access . | . . . . . Terminal Hacks 8 | . 3 . 5 . Record 1 | . . . 1 . Prototype ID Bank 2 | . . . 2 . Branch Access Points 1 | . 1 . . . Emergency Access Points 1 | . 1 . . . Alert Level 1 | . . . 1 . Unreport Threat 1 | . . . 1 . Transport Status 1 | . 1 . . . Fabricator Hacks . | . . . . . Repair Station Hacks 2 | . 2 . . . Scan Component 1 | . 1 . . . Repair 1 | . 1 . . . Recycling Unit Hacks . | . . . . . Scanalyzer . | . . . . . Garrison Access Hacks . | . . . . . Unauthorized Hacks . | . . . . . Terminals . | . . . . . Fabricators . | . . . . . Repair Stations . | . . . . . Recycling Units . | . . . . . Scanalyzers . | . . . . . Garrison Access . | . . . . . Data Cores Recovered . | . . . . . Used . | . . . . . Hacking Detections 4 | . 2 . 2 . Full Trace Events . | . . . . . Feedback Events . | . . . . . Feedback Blocked . | . . . . . Robot Schematics Acquired . | . . . . . Robots Built . | . . . . . Authchips . | . . . . . Time . | . . . . . Total Robot Build Rating . | . . . . . Part Schematics Acquired . | . . . . . Parts Built . | . . . . . Authchips . | . . . . . Time . | . . . . . Total Part Build Rating . | . . . . . Parts Repaired 1 | . 1 . . . Time 26 | . 26 . . . Parts Recycled . | . . . . . Recycled Matter . | . . . . . Retrieved Matter . | . . . . . Retrieved Components . | . . . . . Parts Scanalyzed . | . . . . . Part Schematics Acquired . | . . . . . Parts Damaged . | . . . . . Bothacking | -11 -10 -10 -9 -8 ------------ Run | Yrd Mat Min Mat Mat Used RIF Installer . | . . . . . Robots Hacked . | . . . . . Non-combat . | . . . . . Combat . | . . . . . Robot Hacks Applied . | . . . . . Relay Couplers Released . | . . . . . Fabnet Peak Effective % . | . . . . . Robots Rewired . | . . . . . Allies Hacked . | . . . . . Hacks Repelled . | . . . . . Allies | -11 -10 -10 -9 -8 -------- Run | Yrd Mat Min Mat Mat Total Allies . | . . . . . Largest Group . | . . . . . Highest-Rated Group . | . . . . . Highest-Rated Ally . | . . . . . Total Orders . | . . . . . Ally Attacks . | . . . . . Total Damage . | . . . . . Kills . | . . . . . Allies Corrupted . | . . . . . Allies Melted . | . . . . . Intel | -11 -10 -10 -9 -8 ------- Run | Yrd Mat Min Mat Mat Robot Analysis Total . | . . . . . Derelict Logs Recovered 1 | . . 1 . . Drone Launches . | . . . . . Drone Recoveries . | . . . . . Exploration | -11 -10 -10 -9 -8 ------------- Run | Yrd Mat Min Mat Mat Turns Passed 2724 | 88 877 953 482 324 Spaces Moved 2290 | 71 464 632 937 186 Core 17 | 17 . . . . Treads . | . . . . . Legs 595 | 54 464 77 . . Wheels . | . . . . . Hover . | . . . . . Flight 1678 | . . 555 937 186 Fastest Speed 31 | 50 120 117 31 31 Average Speed 81 | 107 150 117 31 32 Slowest Speed 360 | 150 190 360 117 114 Overloaded Moves . | . . . . . Propulsion Burnouts . | . . . . . Robots Hopped 5 | . . . 5 . Cave-ins Triggered 2 | . 2 . . . Exploration Rate (%) 45 | 4 74 88 43 18 Regions Visited 4 Branch Regions 1 Pre-discovered Areas 1 | . . 1 . . Known Exits Taken 2 | . 1 . 1 . Unknown Exits Taken 2 | 1 . 1 . . Scrap Searched 1 | . . 1 . . Spaces Dug 20 | . 8 . 5 7 Terrain Destroyed 99 | . 27 . 65 7 Melee 20 | . 8 . 5 7 Projectile . | . . . . . AOE 79 | . 19 . 60 . Terrain Rammed . | . . . . . Walls Destroyed . | . . . . . Machines Disabled . | . . . . . Actions | -11 -10 -10 -9 -8 --------- Run | Yrd Mat Min Mat Mat Total 2932 | 79 560 818 1063 412 Wait 435 | . 23 159 62 191 Move 2275 | 70 462 631 926 186 Hop 5 | . . . 5 . Pick Up 37 | 2 17 3 11 4 Fast Attach 9 | 5 1 3 . . Attach 14 | 1 2 . 8 3 Detach 1 | . . . 1 . Swap 34 | 1 10 3 12 8 Drop 17 | . 2 6 7 2 Fire 69 | . 27 11 24 7 Melee 32 | . 14 . 7 11 Ram 1 | . . 1 . . Kick 2 | . 1 1 . . Crush . | . . . . . Escape Stasis 1 | . 1 . . . Rewire . | . . . . . Trap . | . . . . . Miscellaneous . | . . . . . Route ------- -11/Scrapyard -10/Materials (discovered 4 exits: *Mat x3 / *Min) -10/Mines -9/Materials (discovered 2 exits: *Mat / [*Min]) -8/Materials History --------- Turn | Location | Event 8 | -11/Scrapyard | Discovered new exit (range 16) 89 | -11/Scrapyard | Entered Materials 228 | -10/Materials | Discovered new exit (range 14) 297 | -10/Materials | Identified exit to Mines 311 | -10/Materials | Build established: Mutant 364 | -10/Materials | Discovered new exit (range 16) 424 | -10/Materials | Crushed by falling debris 442 | -10/Materials | Crushed by falling debris 733 | -10/Materials | Repaired Med. Storage Unit 804 | -10/Materials | Discovered new exit (range 16) 966 | -10/Materials | Entered Mines 1066 | -10/Mines | Met a Derelict bent on vengeance 1218 | -10/Mines | A weapon hastily lodged in a ceiling crevice suddenly fell to the ground 1394 | -10/Mines | Learned location of Storage (-7) 1601 | -10/Mines | Learned 4 Materials zone layouts 1785 | -10/Mines | Core integrity fell below 50% 1901 | -10/Mines | Discovered new exit (range 10) 1919 | -10/Mines | Entered Materials 1919 | -9/Materials | Evolved 2 slots: Propulsion x2 1920 | -9/Materials | Identified exit to Materials 2210 | -9/Materials | Build established: Scavenger-Sprinter 2327 | -9/Materials | Discovered new exit (range 16) 2401 | -9/Materials | Entered another Materials area 2401 | -8/Materials | Evolved 2 slots: Utility x2 2725 | -8/Materials | Self-destructed Last Messages --------------- 02491_ U-05 Engineer builds a Wall. 02647_ Acquired Structural Scanner. 02665_ W-25 Informer sends out distress signal. 02672_ W-25 Informer destroyed. 02674_ Acquired 34 matter. 02674_ Dropped Lgt. Ion Engine. 02676_ Discarded Signal Interpreter. 02678_ Dropped Particle Cannon. 02680_ Acquired Flight Unit. 02686_ ALERT: Suspicious intruders detected, dispatching Cutter reinforcements to area. 02688_ S-10 Pest destroyed. 02698_ Sensor Array destroyed. 02704_ S-10 Pest destroyed. 02708_ Acquired 13 matter. 02708_ Acquired 9 matter. 02709_ Acquired 7 matter. 02719_ Flight Unit destroyed. 02722_ Imp. Flight Unit destroyed. 02722_ U-05 Engineer builds a Wall. Map ----- +----------------------------------------------------+ | ?????????????????????????????????????????????????? | | ?????????????????????????????????????????????????? | | ?????????????????????????????????????????????????? | | ?????????????????????????????????????????????????? | | ?????????????????????????????????????????????????? | | ?????????????????????????????????????????????????? | | ?????????????????????????????????????????????????? | | ?????????????????????????????????????????????????? | | ?????????????????????????????????????????????????? | | #????????????????????????????????????????????????? | | #????????????????????????????????????????????????? | | #???????????????????? ##?????????????????????????? | | ###?????????????????? ##?????????????????????????? | | ###???????????????### ###????????????????????????? | | ##???????????????### ###????????????????????????? | | ##?????????? # ?? ##????????????????????????? | | ##?????????? # ?? ##????????????????????????? | | ##?????????? # ? ##????????????????????????? | | ##?????????? # """ ##????????????????????????? | | ##?????????? # """ ##????????????????????????? | | ##?????????? + """ ??????????????????????????? | | ### ? # ???????????????????????????? | | #########+##?## ??????????????????????????? | | ##??## #"T"########????????????????????? | | ##??## ############????????????????????? | | ##??## ##u c c@ ##????????????????????? | | ##??##%## cc"""##???#####????????????? | | ###### ## Y """# ?? ####????????????? | | ####+####+###### +*Y """# ????????????? | | ## =# + T ????????????????? | | !=""" """ ## #[ """# ???????????????? | | ] """"""""" + + * """# ? ????????????????? | | * """"" #####=! """##????????????????????? | | ##### ##????????????????????? | | / ##?############????????????????????? | | ##?############????????????????????? | | ##?????????????????????????????????? | | ################?????????????????????????????????? | | | | | | | | | | | | | | | | | | | | | | | | | +----------------------------------------------------+ Best States ------------- Heat Dissipation 31 Energy Generation 14 Energy Capacity 250 Matter Stores 300 Matter Capacity 300 Sight Range 18 Robot Scan Range 14 Terrain Scan Range 16 Terrain Scan Density 10 Evasion (%) 63 Item Schematics ----------------- None Robot Schematics ------------------ None Fabricated ------------ Nothing Alien Tech Used ----------------- None Achievements -------------- Oops Part-time Excavator Unlikely Earthworm Challenges ------------ None Game ------ Seed ThrusterPlasmaMaul Manual? 0 Play Time 00:33:50 Cumulative 6.0 hours Start 2024.04.13 @ 14:18:37 End 2024.04.13 @ 14:52:16 Sessions 1 Manual Loads 0 Difficulty Rogue Special Mode None Game No. 15 Rogue 15 Adventurer 0 Explorer 0 Win Type - Total 0 Types 0/0/0/0/0/0/0/0/0 Lore% 5 Gallery% 8 Achievement% 9 Wizard Run 0 Options --------- Layout 1 ASCII 0 Keyboard 0 Movement Arrows Keybinds 0 Fullscreen 1 Font 32/SmallcapsGlow Map View 77x35 Zoom Use 0% Tactical HUD 1 Map Filters NONE Filters NONE Steam 1 RUN: 79592e25-e724-4299-8679-9a6120f7a2ca